 Dungeon Crawl Stone Soup version 0.30.1-11-g7821555f0a (webtiles) character file.

Game seed: 7126671471563897369

1176 Peloso the Carver (level 8, 0/69 HPs)
             Began as a Minotaur Fighter on Nov 28, 2023.
             Slain by an acid dragon (5 damage)
             ... on level 6 of the Dungeon.
             The game lasted 00:07:12 (4751 turns).

Peloso the Carver (Minotaur Fighter)                Turns: 4751, Time: 00:07:13

Health: 0/69       AC: 11    Str: 22    XL:     8   Next: 18%
Magic:  7/7        EV:  6    Int:  5    God:
Gold:   266        SH:  5    Dex: 11    Spells: 7/7 levels left

rFire   . . .        a - +0 long sword
rCold   . . .        d - +0 buckler
rNeg    . . .        l - +0 plate armour
rPois   .            r - +0 hat {Stlth+}
rElec   .            c - +0 cloak
rCorr   .            u - +0 pair of gloves
SInv    .            (no boots)
Will    .....        (no amulet) Stlth
                     (no ring)
HPRegen 0.31/turn    (no ring)
MPRegen 0.10/turn

%: no passive effects
@: corroded
A: horns 2, retaliatory headbutt
a: no special abilities


You were on level 6 of the Dungeon.
You visited 2 branches of the dungeon, and saw 7 of its levels.

You collected 266 gold pieces.

Inventory:

Hand Weapons
 a - a +0 long sword (weapon)
Armour
 b - a +0 scale mail
 c - a +0 cloak (worn)
 d - a +0 buckler (worn)
 l - a +0 plate armour (worn)
 r - a +0 hat of stealth (worn)
 u - a +0 pair of gloves (worn)
Wands
 o - a wand of acid (8)
Scrolls
 i - 2 scrolls of silence
 k - a scroll of fear
 n - a scroll of fog
 p - 2 scrolls of teleportation
 q - 2 scrolls of blinking {unknown}
 s - 2 scrolls of immolation {unknown}
 v - a scroll of magic mapping {unknown}
 w - 3 scrolls of identify
Potions
 e - 4 potions of haste
 f - a potion of lignification
 g - a potion of brilliance {unknown}
 h - a potion of flight
 j - 2 potions of might
 m - a potion of mutation
 t - 2 potions of magic


   Skills:
 + Level 5.4 Fighting
 + Level 8.4 Long Blades
 + Level 6.7 Armour
 + Level 1.5 Dodging
 + Level 0.5 Stealth
 + Level 5.2 Shields
 + Level 0.2 Evocations


You had 7 spell levels left.
You didn't know any spells.
Your spell library contained the following spells:

 Spells                   Type           Power      Damage    Failure   Level
 Necrotise                Necr           0%         1d4       100%        1
 Scorch                   Fire           0%         2d5       100%        2
 Vampiric Draining        Necr           0%         2d6       100%        3
 Animate Armour           Summ/Erth      0%         N/A       100%        4
 Flame Wave               Conj/Fire      0%         2d4       100%        4
 Agony                    Necr           0%         N/A       100%        5
 Blade Hands              Tmut           0%         N/A       100%        5
 Iron Shot                Conj/Erth      0%         9d1       100%        6
 Summon Cactus Giant      Summ           0%         N/A       100%        6


Dungeon Overview and Level Annotations

Branches:
Dungeon (6/15)             Temple (1/1) D:6

Altars:
Ashenzari
Dithmenos
Elyvilon
Fedhas
Gozag
Hepliaklqana
Kikubaaqudgha
Makhleb
Qazlal
Ru
Sif Muna
Uskayaw
Vehumet
Wu Jian
Yredelemnul
Zin
The Shining One


Innate Abilities, Weirdness & Mutations

You have a pair of horns on your head.
You reflexively headbutt those who attack you in melee.


Message History

The bullfrog hits you but does no damage.
The bullfrog barely misses you.
You barely miss the bullfrog. Your headbutt misses the bullfrog.
The bullfrog is almost dead.
The bullfrog hits you but does no damage.
You slash the bullfrog!
You kill the bullfrog!
Found 9 stones.
HP restored.
Found a leather armour.
w - 3 scrolls of identify An acid dragon comes into view.
An acid dragon is nearby!
An acid dragon is nearby!
An acid dragon is nearby!
The acid dragon spits acid at you. The splash of acid hits you!!
The acid dragon bites you! You block the acid dragon's attack.
You hit the acid dragon.
The acid dragon is moderately wounded.
The acid dragon barely misses you.
The acid dragon claws you but does no damage.
You hit the acid dragon but do no damage.
The acid dragon is moderately wounded.
The acid dragon spits acid at you. The splash of acid hits you!!
Ouch! That really hurt!
* * * LOW HITPOINT WARNING * * *
The acid corrodes you!
Okay, then.
You barely miss the acid dragon.
The acid dragon is moderately wounded.
The acid dragon bites you.
* * * LOW HITPOINT WARNING * * *
The acid dragon claws you but does no damage.
Unknown command.
You closely miss the acid dragon.
The acid dragon is moderately wounded.
The acid dragon bites you.
You die...

##.##..##...#.#.##
##.##......>..#.## ..
...#..###...........
##...#####....#.##.
.................. ##
....#####......... ..
#.......#.....#.## .#
........#.....#.##..#
##......#.......@D..#
##<...........####..#
##......#.....# .#
##.######.....####..#
....................#
##.######.#...####.##
#.######.#...#
##............####.#
...................#


You could see an acid dragon (catching breath).

Vanquished Creatures
  3 ice beasts
  4 ogres
  2 bullfrogs
  A gnoll sergeant (D:4)
  3 scorpions
  An iguana (D:4)
  Robin (D:2)
  5 gnolls
  3 adders
  An ufetubus (D:5)
  A worm (D:2)
  2 dart slugs
  3 orcs
  5 bats
  5 endoplasms
  A giant cockroach (D:3)
  14 goblins
  5 hobgoblins
  3 jackals (D:3)
  4 kobolds
  2 quokkas
  8 ball pythons
  6 frilled lizards
  4 rats
87 creatures vanquished.

Notes
Turn   | Place    | Note
-------+----------+-------------------------------------------
     0 | D:1      | Peloso the Minotaur Fighter began the quest for the Orb.
     0 | D:1      | Reached XP level 1. HP: 19/19 MP: 0/0
   114 | D:1      | Reached XP level 2. HP: 24/27 MP: 1/1
   713 | D:2      | Reached skill level 3 in Long Blades
   813 | D:2      | Reached XP level 3. HP: 32/33 MP: 2/2
   913 | D:2      | Found a faded altar of an unknown god.
  1292 | D:3      | Noticed Robin
  1380 | D:2      | Reached skill level 1 in Dodging
  1381 | D:2      | Killed Robin
  1452 | D:3      | Found a hazy altar of Hepliaklqana.
  1529 | D:3      | Reached XP level 4. HP: 40/40 MP: 3/3
  1739 | D:3      | Reached skill level 4 in Long Blades
  2249 | D:4      | Noticed a scorpion
  2262 | D:4      | Killed a scorpion
  2263 | D:4      | Reached skill level 5 in Long Blades
  2263 | D:4      | Reached XP level 5. HP: 40/46 MP: 4/4
  2560 | D:4      | Reached XP level 6. HP: 50/53 MP: 5/5
  2779 | D:5      | Entered Level 5 of the Dungeon
  2825 | D:5      | Reached skill level 5 in Armour
  2841 | D:5      | Found a broken altar of Ashenzari.
  2871 | D:4      | Reached skill level 6 in Long Blades
  2994 | D:4      | HP: 2/53 [gnoll sergeant/+1 heavy spear (3)]
  3273 | D:5      | Noticed an ice beast
  3285 | D:5      | Killed an ice beast
  3286 | D:5      | Reached skill level 7 in Long Blades
  3286 | D:5      | Reached XP level 7. HP: 41/60 MP: 6/6
  3772 | D:5      | Reached skill level 5 in Shields
  4085 | D:6      | Reached skill level 5 in Fighting
  4091 | D:6      | Reached skill level 8 in Long Blades
  4246 | D:6      | Reached XP level 8. HP: 68/68 MP: 7/7
  4370 | D:6      | Found a staircase to the Ecumenical Temple.
  4406 | Temple   | Entered the Ecumenical Temple
  4751 | D:6      | Slain by an acid dragon

Illustrated notes

Levels and vault maps discovered:
D:1:      lemuel_arrival_behind_the_door_large, layout_rooms
D:2:      layout_loops_ring, shapermc_ecumenical_altar_notcrosses,
          kennysheep_boxes
D:3:      layout_loops_ring, lemuel_doored_altar, minmay_bisected, uniq_robin
D:4:      layout_basic
D:5:      dreamdust_elfheim, layout_basic, mainiacjoe_overflow_small_starburst
D:6:      minmay_chambers_of_sixes, layout_basic,
          minmay_temple_entry_purple_smoke, ebering_ghost_sewer_f,
          nicolae_figureground_sparkle
Temple:   regret_index_temple_waves

Skill      XL: |  1  2  3  4  5  6  7 |
---------------+----------------------+-----
Shields        | 4 5 |  5.2
Long Blades    | 3 5 7 8 |  8.4
Fighting       | 4 5 |  5.4
Armour         | 4 5 6 |  6.7
Dodging        | 1 |  1.5
Stealth        | |  0.5
Evocations     | |  0.2

Action                     |  1- 3 |  4- 6 |  7- 9 || total
---------------------------+-------+-------+-------++-------
  Melee: Long sword        |    87 |   114 |    66 ||   267
         Headbutt          |    13 |    18 |    10 ||    41
  Evoke: Wand              |       |     1 |       ||     1
    Use: Scroll            |     4 |     4 |     3 ||    11
         Potion            |     3 |       |       ||     3
 Armour: Scale mail        |    52 |     7 |       ||    59
         Plate armour      |       |    77 |    41 ||   118
  Dodge: Dodged            |    51 |    43 |    17 ||   111
  Block: Buckler           |    24 |    34 |    12 ||    70
